 Dungeon Crawl Stone Soup version 0.16-a0-2979-g562a0a4 (console) character file.

10926 nht the Martial Artist (level 11, -5/81 HPs)
             Began as a Merfolk Transmuter on Dec 5, 2014.
             Was a Priest of Yredelemnul.
             Slain by a white ugly thing (29 damage)
             ... on level 11 of the Dungeon.
             The game lasted 00:30:47 (12436 turns).

nht the Martial Artist (Merfolk Transmuter)        Turns: 12436, Time: 00:30:47

Health: -5/81      AC:  7    Str: 15    XL:     11   Next: 69%
Magic:  0/18       EV: 19    Int: 20    God:    Yredelemnul [***...]
Gold:   136        SH:  0    Dex: 17    Spells: 3 memorised, 3 levels left

rFire  . . .     SeeInvis .       - Unarmed
rCold  . . .     Clarity  .     g - +1 leather armour of the Garden {Str+3 Int+5}
rNeg   . . .     SustAb   .     (no shield)
rPois  .         Gourm    .     (no helmet)
rElec  .         Spirit   +     c - +1 cloak
rCorr  .         Warding  .     h - +0 pair of gloves
rMut   .         Stasis   .     (no boots)
MR     +....                    i - amulet of guardian spirit
Stlth  ++........               T - ring of protection from magic
                                Q - ring of wizardry

@: agile, somewhat resistant to hostile enchantments, unstealthy
A: change form in water, swift swim, clumsy 1, low mp 1, robust 1, wild magic 1
a: Animate Dead, Recall Undead Slaves, Injury Mirror, Renounce Religion


You were on level 11 of the Dungeon.
You worshipped Yredelemnul.
Yredelemnul was most pleased with you.
You were not hungry.

You visited 2 branches of the dungeon, and saw 12 of its levels.

You collected 477 gold pieces.
You spent 341 gold pieces at shops.

Inventory:

Hand weapons
 z - a +0 blowgun
Missiles
 b - 72 arrows
 o - 4 tomahawks of returning (quivered)
 p - 25 tomahawks
 S - 5 tomahawks of dispersal
 U - 7 curare-tipped needles
 V - 2 javelins
Armour
 c - a +1 cloak (worn)
 g - the +1 leather armour of the Garden (worn) {Str+3 Int+5}
   (You bought it in a shop on level 10 of the Dungeon)

   It affects your strength (+3).
   It affects your intelligence (+5).
 h - a +0 pair of gloves (worn)
Jewellery
 i - an amulet of guardian spirit (around neck)
 v - an uncursed ring of ice
 N - an uncursed ring of see invisible
 Q - a ring of wizardry (left hand)
 T - a ring of protection from magic (right hand)
Magical devices
 l - a wand of invisibility (3)
 r - a wand of disintegration (6)
 w - a wand of magic darts (10)
 y - a wand of magic darts (21)
 A - a wand of magic darts (24)
 D - a wand of disintegration (5)
 F - a wand of teleportation (5)
 H - a wand of slowing (7)
 R - a wand of digging (12)
Scrolls
 m - 9 scrolls of identify
 q - 5 scrolls of remove curse
 s - 2 scrolls of teleportation
 t - 4 scrolls of fog
 B - 3 scrolls of magic mapping
 C - 2 scrolls of amnesia
 G - 2 scrolls of recharging
 I - 2 scrolls of enchant armour
 P - a scroll of enchant weapon
Potions
 e - 2 potions of curing
 k - 2 potions of agility
 n - a potion of heal wounds
 x - 2 potions of might
 M - a potion of restore abilities
 O - 2 potions of brilliance
Books
 d - a book of Changes

   Spells                             Type                      Level
   a - Beastly Appendage              Transmutation                1
   b - Sticks to Snakes               Transmutation                2
   c - Spider Form                    Transmutation/Poison         3
   d - Ice Form                       Ice/Transmutation            4
   e - Blade Hands                    Transmutation                5
 u - a book of Burglary

   Spells                             Type                      Level
   a - Swiftness                      Charms/Air                   2
   b - Passwall                       Transmutation/Earth          3
   c - Passage of Golubria            Translocation                4
   d - Lee's Rapid Deconstruction     Earth                        5
   e - Invisibility                   Hexes                        6
   f - Darkness                       Hexes                        7
 J - Sif Muna's Incunabulum of the Sunfish
   (You found it on level 8 of the Dungeon)

   Spells                             Type                      Level
   a - Sandblast                      Earth                        1
 K - Vehumet's Compendium of the Equator
   (You found it on level 8 of the Dungeon)

   Spells                             Type                      Level
   a - Magic Dart                     Conjuration                  1
 L - Kikubaaqudgha's Almanac of Evil Rituals
   (You found it on level 8 of the Dungeon)

   Spells                             Type                      Level
   a - Animate Skeleton               Necromancy                   1
 W - a book of Battle

   Spells                             Type                      Level
   a - Infusion                       Charms                       1
   b - Shroud of Golubria             Charms/Translocation         2
   c - Song of Slaying                Charms                       2
   d - Spectral Weapon                Hexes/Charms                 3
   e - Regeneration                   Charms/Necromancy            3
 X - a Fen Folio

   Spells                             Type                      Level
   a - Corpse Rot                     Necromancy                   2
   b - Stone Arrow                    Conjuration/Earth            3
   c - Leda's Liquefaction            Hexes/Earth                  4
   d - Summon Forest                  Summoning/Translocation      5
   e - Hydra Form                     Transmutation                6
   f - Summon Hydra                   Summoning                    7
 Y - a book of Wizardry

   Spells                             Type                      Level
   a - Agony                          Necromancy                   5
   b - Force Lance                    Conjuration/Translocation    4
   c - Haste                          Charms                       6
   d - Invisibility                   Hexes                        6
   e - Spellforged Servitor           Conjuration/Summoning        7
Comestibles
 a - 8 bread rations
 f - 3 slices of pizza
 j - 6 meat rations
 E - 7 beef jerkies
 Z - 2 chunks of flesh


   Skills:
 + Level 2.7 Fighting
 + Level 4.5 Dodging
 * Level 14.9 Unarmed Combat
 - Level 2.0 Spellcasting
 + Level 1.0 Charms
 - Level 12.4 Transmutations
 + Level 5.4 Invocations


You had 3 spell levels left.
You knew the following spells:

 Your Spells              Type           Power        Failure   Level  Hunger
a - Blade Hands           Trmt           ######....   3%          5    ######.
b - Spider Form           Trmt/Pois      #####.....   4%          3    ###....
r - Regeneration          Chrm/Necr      #.........   26%         3    ###....


Dungeon Overview and Level Annotations

Branches:
Dungeon (11/15) Temple (1/1) D:5 Lair (0/8) D:11 Orc (0/4) D:10 D:11

Altars:
Ashenzari
Cheibriados
Dithmenos
Elyvilon
Fedhas
Gozag
Kikubaaqudgha
Makhleb
Nemelex Xobeh
Okawaru
Qazlal
Ru
Sif Muna
Trog
Vehumet
Xom
Yredelemnul
Zin
The Shining One

Shops:
D:5 }   D:10 ([*

Annotations:
D:8 exclusion: rakshasa


Innate Abilities, Weirdness & Mutations

You revert to your normal form in water.
You are very nimble and swift while swimming.
You are clumsy. (Dex -2)
Your magical capacity is low (-10% MP).
You are robust (+10% HP).
Your spells are a little harder to cast, but a little more powerful.


Message History

The hound zombie moves out of view.
You hit the white ugly thing but do no damage.
The white ugly thing bites you. The white ugly thing freezes you!!
You barely miss the white ugly thing. The white ugly thing misses you.
You slash the white ugly thing!
The white ugly thing is moderately wounded.
The white ugly thing bites you. The white ugly thing freezes you!!
* * * LOW HITPOINT WARNING * * *
You slash the white ugly thing!
The white ugly thing is moderately wounded.
Your hands revert to their normal proportions.
Your +0 pair of gloves unmelds from your body.
Read which item? (? for menu, Esc to quit)
Okay, then.
Drink which item? (? for menu, Esc to quit)
You feel much better. The white ugly thing bites you!
* * * LOW HITPOINT WARNING * * *
The white ugly thing freezes you!!
You die...
Your body rises from the dead as a mindless zombie.

█..█'█..█..█Z█..█..█Z█..█
██....ZZ█..ZZ...█..Z...██
█..8ZZ███Z8.8.███.Z...█
██....███.....███Z...██
█.█ ██....█.......█Z...██
█.█ ███.............███
█.█ ████.......████ █.█


█████>████ █.█ ██████.█████ █.█ █..........█ █)█ █. █@█ █)██ █. █u█ ██. █).█ █.
█.█ .... ██.█ █.████.██.%█ █)█ █..........█ █.█ ██.........█ █.███████.███.██.██
█.........█ █.█ █.█ ███████████ █.. █.. ███. ██ █. You could see a white ugly
thing.

Vanquished Creatures
  A hill giant (D:11)
  An elephant (D:11)
  Psyche (D:8)
  A two-headed ogre (D:10)
  Sonja (D:10)
  A troll (D:9)
  A trapdoor spider (D:8)
  2 wyverns
  A wraith (D:10)
  4 yaks (D:11)
  2 hippogriffs
  A warg (D:11)
  10 orc warriors
  2 sky beasts
  4 ice beasts
  A necrophage (D:10)
  8 ogres
  4 centaurs
  A phantom (D:7)
  A crocodile (D:11)
  Sigmund (D:5)
  3 big kobolds
  5 giant frogs
  Blork the orc (D:7)
  5 scorpions
  The ghost of Ratboiler the Skirmisher, a weakling CeWn (D:3)
  A troll zombie (D:9)
  4 wights (D:10)
  5 goliath beetles
  A centaur zombie (D:10)
  2 giant frog zombies
  2 crimson imps (D:6)
  2 giant frog skeletons (D:11)
  5 hounds
  3 jellies
  2 centaur skeletons
  9 orc priests
  A quasit (D:9)
  9 orc wizards
  3 iguanas
  3 worker ants
  A sheep (D:11)
  Ijyb (D:2)
  An ogre zombie (D:5)
  A worker ant zombie (D:11)
  12 adders
  8 shadow imps
  A giant mite (D:3)
  A worker ant simulacrum (D:11)
  2 worms
  5 giant geckos
  2 oozes
  54 orcs
  A bat skeleton (D:5)
  A bat zombie (D:5)
  2 giant cockroaches
  12 goblins
  17 hobgoblins
  6 jackals
  9 quokkas
  A ball python (D:2)
  13 bats
  5 giant newts
  2 goblin skeletons (D:7)
  4 hobgoblin zombies (D:7)
  24 kobolds
  2 kobold zombies (D:7)
  3 orc skeletons
  An orc zombie (D:7)
  A quokka skeleton (D:4)
  13 rats
  2 ballistomycetes (D:7)
324 creatures vanquished.

Vanquished Creatures (collateral kills)
  Josephine (D:11)
  A centaur warrior (D:10)
  A hill giant (D:10)
  A centaur zombie (D:11)
  A yak (D:11)
  A hungry ghost (D:11)
  A warg (D:11)
  An orc warrior (D:8)
  2 orc priests (D:8)
  2 centaur skeletons (D:11)
  A gnoll (D:6)
  A giant gecko (D:8)
  3 orcs
  A hobgoblin (D:10)
  A quokka (D:8)
19 creatures vanquished.

Vanquished Creatures (others)
  A yak (D:11)
  2 warg zombies (D:11)
  4 yak zombies (D:11)
  A giant frog zombie (D:11)
  A centaur zombie (D:10)
  A human zombie (D:8)
  A goliath beetle zombie (D:11)
  A giant spore (D:7)
  7 orc zombies (D:11)
  A plant (D:11)
20 creatures vanquished.

Grand Total: 363 creatures vanquished

Notes
Turn   | Place    | Note
--------------------------------------------------------------
     0 | D:1      | nht, the Merfolk Transmuter, began the quest for the Orb.
     0 | D:1      | Reached XP level 1. HP: 15/15 MP: 3/3
   138 | D:1      | Reached XP level 2. HP: 8/21 MP: 2/4
   580 | D:1      | Reached skill level 4 in Unarmed Combat
   796 | D:1      | Reached XP level 3. HP: 26/26 MP: 4/6
  1249 | D:3      | Found a blossoming altar of Fedhas.
  1463 | D:2      | Learned a level 3 spell: Spider Form
  1486 | D:2      | Reached XP level 4. HP: 30/32 MP: 3/7
  1794 | D:2      | Noticed Ijyb
  1804 | D:2      | Killed Ijyb
  1804 | D:2      | Reached skill level 5 in Unarmed Combat
  2000 | D:3      | Reached XP level 5. HP: 34/37 MP: 2/9
  2269 | D:3      | Noticed Ratboiler's ghost (weakling CeWn)
  2354 | D:2      | Gained mutation: Your spells are a little harder to cast, but a little more powerful. [potion of mutation]
  2354 | D:2      | Gained mutation: You are clumsy. (Dex -2) [potion of mutation]
  2354 | D:2      | Gained mutation: Your magical capacity is low (-10% MP). [potion of mutation]
  2383 | D:3      | Killed Ratboiler's ghost
  2383 | D:3      | Reached skill level 5 in Transmutations
  2458 | D:3      | Found a white marble altar of Elyvilon.
  2491 | D:3      | Reached skill level 6 in Unarmed Combat
  2491 | D:3      | Reached XP level 6. HP: 36/43 MP: 2/9
  2600 | D:3      | Found a bloodstained altar of Trog.
  2856 | D:3      | Learned a level 5 spell: Blade Hands
  3510 | D:4      | Reached skill level 7 in Unarmed Combat
  3628 | D:4      | Reached XP level 7. HP: 44/48 MP: 2/10
  3798 | D:4      | Found a shimmering altar of Xom.
  4391 | D:5      | Entered Level 5 of the Dungeon
  4464 | D:5      | Reached skill level 8 in Unarmed Combat
  4559 | D:5      | Noticed Sigmund
  4694 | D:6      | Gained mutation: You are robust (+10% HP). [potion of beneficial mutation]
  4711 | D:5      | Killed Sigmund
  4711 | D:5      | Reached XP level 8. HP: 30/59 MP: 4/11
  4795 | D:5      | Found a staircase to the Ecumenical Temple.
  4810 | Temple   | Entered the Ecumenical Temple
  4893 | Temple   | Became a worshipper of Yredelemnul the Dark
  4998 | D:5      | Found Sotasap's Quality Used Wands.
  5239 | D:6      | Found a sparkling altar of Nemelex Xobeh.
  5410 | D:6      | Found an iron altar of Okawaru.
  5459 | D:6      | Reached skill level 9 in Unarmed Combat
  5804 | D:6      | Found an opulent altar of Gozag.
  5804 | D:6      | Found a glowing silver altar of Zin.
  5953 | D:7      | Noticed Blork the orc
  6122 | D:7      | Found a glowing golden altar of the Shining One.
  6155 | D:7      | Reached skill level 10 in Unarmed Combat
  6172 | D:7      | Killed Blork the orc
  6318 | D:7      | Reached XP level 9. HP: 21/64 MP: 3/12
  7234 | D:7      | Reached skill level 11 in Unarmed Combat
  7456 | D:7      | Acquired Yredelemnul's first power
  8014 | D:8      | Found a radiant altar of Vehumet.
  8018 | D:8      | Identified Vehumet's Compendium of the Equator
  8022 | D:8      | Found an ancient bone altar of Kikubaaqudgha.
  8026 | D:8      | Identified Kikubaaqudgha's Almanac of Evil Rituals
  8033 | D:8      | Found a deep blue altar of Sif Muna.
  8037 | D:8      | Identified Sif Muna's Incunabulum of the Sunfish
  8288 | D:8      | Reached skill level 10 in Transmutations
  8549 | D:8      | Noticed Psyche
  8555 | D:8      | Killed Psyche
  8555 | D:8      | Reached skill level 12 in Unarmed Combat
  8709 | D:8      | Reached XP level 10. HP: 68/71 MP: 11/14
  8776 | D:8      | Found a snail-covered altar of Cheibriados.
  8777 | D:8      | Found an iron altar of Okawaru.
  8785 | D:8      | Noticed an eight-headed hydra
  9165 | D:8      | Your ally Psyche died
  9256 | D:8      | Noticed a rakshasa
  9902 | D:9      | Reached skill level 13 in Unarmed Combat
  9939 | D:9      | Found a sacrificial altar of Ru.
 10106 | D:9      | Acquired Yredelemnul's second power
 10234 | D:9      | Reached skill level 1 in Invocations
 10415 | D:10     | Entered Level 10 of the Dungeon
 10657 | D:10     | Found a staircase to the Orcish Mines.
 10703 | D:10     | Noticed a hill giant
 10711 | D:10     | Killed a hill giant
 10801 | D:10     | Found Pyanyar's Antique Armour Emporium.
 10808 | D:10     | Bought a runed cloak for 117 gold pieces
 10818 | D:10     | Noticed a centaur warrior
 10827 | D:10     | Killed a centaur warrior
 10827 | D:10     | Reached skill level 14 in Unarmed Combat
 10827 | D:10     | Reached XP level 11. HP: 35/77 MP: 2/16
 10832 | D:10     | Bought a spiked leather armour for 182 gold pieces
 10842 | D:10     | Identified the +1 leather armour of the Garden {Str+3 Int+5} (You bought it in a shop on level 10 of the Dungeon)
 11222 | D:10     | Found Ucwo's Weapon Emporium.
 11269 | D:10     | Found Hacum's General Store.
 11312 | D:10     | Bought a scroll of magic mapping for 42 gold pieces
 11398 | D:10     | Noticed Sonja
 11401 | D:10     | Killed Sonja
 11600 | D:11     | Noticed Josephine
 11677 | D:11     | Noticed a hill giant
 11683 | D:11     | Killed a hill giant
 11786 | D:11     | Reached skill level 5 in Invocations
 11858 | D:11     | Found a staircase to the Lair.
 11907 | D:11     | Killed Josephine
 12038 | D:11     | Learned a level 3 spell: Regeneration
 12065 | D:11     | Found a staircase to the Orcish Mines.
 12086 | D:11     | Acquired Yredelemnul's third power
 12387 | D:11     | Noticed a tengu warrior
 12387 | D:11     | Noticed a fire giant
 12387 | D:11     | Noticed an orc warlord
 12387 | D:11     | Noticed a seven-headed hydra
 12388 | D:11     | what
 12426 | D:11     | Reached skill level 1 in Charms
 12436 | D:11     | Slain by a white ugly thing

Action                   |  1- 3 |  4- 6 |  7- 9 | 10-12 || total
-------------------------+-------+-------+-------+-------++-------
Melee: Unarmed           |   133 |   202 |   411 |   300 ||  1046
 Cast: Beastly Appendage |    26 |    13 |       |       ||    39
       Spider Form       |       |    12 |    45 |       ||    57
       Blade Hands       |       |       |     4 |    32 ||    36
Invok: Animate Remains   |       |       |     1 |    16 ||    17
       Animate Dead      |       |       |       |     3 ||     3
Evoke: Wand              |       |       |     5 |    23 ||    28
  Use: Potion            |     6 |     5 |     6 |     6 ||    23
       Scroll            |       |     3 |     9 |     3 ||    15
 Stab: Sleeping          |     1 |     1 |       |     1 ||     3
       Invisible         |       |     5 |       |       ||     5
       Distracted        |       |       |       |     1 ||     1
  Eat: Chunk             |     1 |    11 |    21 |    26 ||    59
       Beef jerky        |       |       |     1 |       ||     1
       Fruit             |       |       |     2 |     3 ||     5
